Jets vs Islanders
Created - February 21, 2023 at 19:09
Goals
|
| Jets |
2 |
1 |
1 |
4 |
| Islanders |
0 |
2 |
0 |
2 |
|
Shots
|
| Jets |
12 |
8 |
14 |
34 |
| Islanders |
8 |
13 |
12 |
33 |
|
1st period
1. Jets , Max Domi 9 (Troy Stetcher 9) at 11:48
2. Jets , Anthony Mantha 7 (Ryan Murray 17, Jussi Jokinen 9) at 14:15
Penalties :
Craig Smith (NyI) for Hooking (Minor) at 4:33, Andrew Shaw (NyI) for Hooking (Minor) at 6:44
2nd period
3. Jets , Nick Bjugstad 16 (Ryan Johansen 29, Alex Galchenyuk 16) at 0:16
4. Islanders , Rick Nash 8 (Brock McGinn 13) at 11:03
5. Islanders , Brock McGinn 13 (Rick Nash 9, Dylan McIlrath 1) at 13:59
Penalties :
Frans Nielsen (NyI) for Hooking (Minor) at 8:11
3rd period
6. Jets , Tyler Seguin 18 (Dougie Hamilton 19, Nick Bjugstad 11) at 12:55 (PP)
Penalties :
Brock McGinn (NyI) for Interference (Minor) at 11:35, Alex Galchenyuk (Win) for Hooking (Minor) at 13:48, Anthony Mantha (Win) for Hooking (Minor) at 19:58
Goalie Stats
Jacob Markstrom (Win), 31 saves from 33 shots - (0.939), W, 23-12-3, 60:00 minutes
Cam Ward (NyI), 30 saves from 34 shots - (0.882), L, 8-7-3, 60:00 minutes
Players Stats for Jets
Player Name G A P +/- PIM S H SB GA TA FO MP PP MP PK MP
------------------------------------------------------------------------------------
Adam Larsson 0 0 0 -1 0 0 1 0 0 3 0/0 15:36 0:00 0:44
Alex Galchenyuk 0 1 1 -1 2 2 3 0 0 0 0/1 20:29 3:28 0:00
Alexander Wennberg 0 0 0 1 0 1 0 0 0 0 3/6 11:01 0:16 0:45
Anthony Mantha 1 0 1 1 2 1 1 0 0 0 1/2 10:33 0:11 0:00
Brent Burns 0 0 0 0 0 0 0 0 0 0 0/0 18:30 2:30 0:00
Dougie Hamilton 0 1 1 2 0 1 0 0 1 0 0/0 25:31 4:47 0:44
Frank Vatrano 0 0 0 0 0 1 0 0 0 0 0/0 8:12 0:16 0:47
Jussi Jokinen 0 1 1 1 0 2 1 0 1 0 0/0 9:59 0:00 0:10
Marco Scandella 0 0 0 -1 0 1 0 0 0 0 0/0 15:44 0:00 1:16
Max Domi 1 0 1 1 0 4 1 1 0 1 0/0 20:06 3:33 0:00
Nick Bjugstad 1 1 2 -1 0 3 1 0 0 0 2/3 21:10 3:33 1:03
Noel Acciari 0 0 0 0 0 1 1 0 0 0 3/3 7:08 0:00 0:01
Ryan Johansen 0 1 1 -1 0 3 0 0 1 1 12/24 21:12 3:28 1:04
Ryan Murray 0 1 1 2 0 0 0 3 0 0 0/0 24:14 2:30 1:16
Sam Reinhart 0 0 0 0 0 5 0 1 0 0 0/0 7:34 0:00 0:00
Troy Stetcher 0 1 1 0 0 2 0 0 1 0 0/0 20:25 4:47 0:00
Tyler Seguin 1 0 1 1 0 3 1 1 0 1 12/23 20:12 3:33 0:00
Tyler Toffoli 0 0 0 1 0 4 2 0 0 0 1/2 20:22 3:33 0:10
Players Stats for Islanders
Player Name G A P +/- PIM S H SB GA TA FO MP PP MP PK MP
------------------------------------------------------------------------------------
Andrew Shaw 0 0 0 0 2 0 0 0 0 0 0/0 6:51 0:00 0:00
Brock McGinn 1 1 2 2 2 4 2 0 0 0 0/0 17:18 0:52 1:16
Craig Smith 0 0 0 0 2 1 1 0 0 0 0/0 9:04 0:00 0:00
Dylan McIlrath 0 1 1 1 0 3 0 0 0 0 0/0 12:28 0:00 0:06
Emerson Etem 0 0 0 0 0 1 0 0 0 0 0/1 6:40 0:00 0:00
Frans Nielsen 0 0 0 -3 2 5 1 0 0 0 20/31 21:46 0:59 1:47
Justin Falk 0 0 0 1 0 1 1 2 0 0 0/0 12:28 0:00 0:06
Kellan Lain 0 0 0 -3 0 0 1 1 2 0 1/2 22:25 0:59 2:28
Melker Karlsson 0 0 0 0 0 2 0 0 0 0 0/5 10:20 0:09 0:15
Michael Latta 0 0 0 0 0 3 0 0 0 0 0/1 7:34 0:09 0:00
Nikita Zadorov 0 0 0 -1 0 0 0 3 0 0 0/0 20:36 0:53 3:05
Pierre-Edouard Bellemare 0 0 0 2 0 0 0 0 0 0 2/13 15:56 0:52 0:00
Rick Nash 1 1 2 2 0 5 1 1 0 0 2/3 19:42 0:52 3:42
Ryan Ellis 0 0 0 -1 0 0 2 1 0 2 0/0 26:56 1:07 4:06
Sergei Plotnikov 0 0 0 0 0 0 1 0 0 0 1/1 11:17 0:00 1:19
Vladimir Tarasenko 0 0 0 -3 0 8 0 0 3 1 4/7 23:46 1:08 3:47
Wes O'Neill 0 0 0 -1 0 0 1 1 1 0 0/0 20:36 0:53 3:05
Yann Sauvé 0 0 0 -1 0 0 4 1 0 1 0/0 26:56 1:07 4:06
3 Stars
1 - Rick Nash (NyI)
2 - Brock McGinn (NyI)
3 - Max Domi (Win)
Power Play
Jets - 1 on 4 Attempt(s) - 25.00%
Islanders - 0 on 2 Attempt(s) - 0.00%
Penalty Kill
Jets - 2 on 2 Attempt(s) - 100.00%
- Score 0 goal in Penalty Kill
Islanders - 3 on 4 Attempt(s) - 75.00%
- Score 0 goal in Penalty Kill
Team Stat
Jets - Hits : 12 - Faceoff Wins : 34 - Blocked Shots : 6 - Penalty Minutes : 4
Islanders - Hits : 15 - Faceoff Wins : 30 - Blocked Shots : 10 - Penalty Minutes : 8
Official
Referees : Brian Pochmara and Eric Furlatt
Linesman : Ryan Daisy and Scott Cherrey
Game Notes
No Game Note
Finance
Level 1 -- Attendance: 5311 (88.52%) -- Ticket Income $531,100
Level 2 -- Attendance: 4627 (92.54%) -- Ticket Income $277,620
Level 3 -- Attendance: 1959 (97.95%) -- Ticket Income $68,565
Level 4 -- Attendance: 4000 (100.00%) -- Ticket Income $100,000
Luxury Box -- Attendance: 1000 (100.00%) -- Ticket Income $200,000
Game was played at the Nassau Coliseum.
Total Attendance: 16897 (93.87%)
Total Ticket Income: $1,177,285
Other Income: $176,593
Total Income: $1,353,878
Jets
5 vs 5 Forward
Center Left Wing Right Wing Time % Phy DF OF
1 Ryan Johansen Alex Galchenyuk Nick Bjugstad 35 1 2 2
2 Tyler Seguin Max Domi Tyler Toffoli 35 1 2 2
3 Alexander Wennberg Jussi Jokinen Anthony Mantha 20 1 2 2
4 Noel Acciari Frank Vatrano Sam Reinhart 10 1 2 2
5 vs 5 Defense
Defense Defense Time % Phy DF OF
1 Ryan Murray Dougie Hamilton 40 1 2 2
2 Adam Larsson Marco Scandella 30 1 2 2
3 Brent Burns Troy Stetcher 30 1 2 2
4 Ryan Murray Adam Larsson 0 1 2 2
PowerPlay Forward
Center Left Wing Right Wing Time % Phy DF OF
1 Ryan Johansen Alex Galchenyuk Tyler Toffoli 55 1 0 4
2 Tyler Seguin Max Domi Nick Bjugstad 45 1 0 4
PowerPlay Defense
Defense Defense Time % Phy DF OF
1 Troy Stetcher Dougie Hamilton 60 0 1 4
2 Brent Burns Ryan Murray 40 0 1 4
Penalty Kill 4 Players Forward
Center Wing Time % Phy DF OF
1 Ryan Johansen Nick Bjugstad 60 1 2 2
2 Tyler Toffoli Frank Vatrano 40 1 2 2
Penalty Kill 4 Players Defense
Defense Defense Time % Phy DF OF
1 Ryan Murray Marco Scandella 60 1 3 1
2 Dougie Hamilton Adam Larsson 40 1 3 1
Penalty Kill - 3 Players Forward
Forward Time % Phy DF OF
1 Ryan Johansen 60 0 4 1
2 Tyler Seguin 40 0 4 1
Penalty Kill - 3 Players Defense
Defense Defense Time % Phy DF OF
1 Ryan Murray Marco Scandella 60 1 4 0
2 Adam Larsson Dougie Hamilton 40 1 4 0
4 vs 4 Forward
Center Wing Time % Phy DF OF
1 Ryan Johansen Alex Galchenyuk 60 1 2 2
2 Tyler Seguin Max Domi 40 1 2 2
4 vs 4 Defense
Defense Defense Time % Phy DF OF
1 Adam Larsson Marco Scandella 60 1 2 2
2 Dougie Hamilton Ryan Murray 40 1 2 2
Last Minutes Offensive
Center Left Wing Right Wing Defense Defense
Ryan Johansen Alex Galchenyuk Tyler Toffoli Dougie Hamilton Marco Scandella
Last Minutes Defensive
Center Left Wing Right Wing Defense Defense
Ryan Johansen Frank Vatrano Tyler Toffoli Ryan Murray Marco Scandella
Goaltenders
Starting : Jacob Markstrom
Backup : Elvis Merzlikins
Extra Forwards
Normal : Nick Bjugstad, Max Domi, Sam Reinhart - PP : Nick Bjugstad, Alexander Wennberg - PK : Nick Bjugstad
Extra Defensemen
Normal : Dougie Hamilton, Adam Larsson, Marco Scandella - PP : Brent Burns - PK : Brent Burns, Marco Scandella
Penalty Shots
Ryan Johansen, Tyler Toffoli, Tyler Seguin, Jussi Jokinen, Nick Bjugstad
Scratches
None
Islanders
5 vs 5 Forward
Center Left Wing Right Wing Time % Phy DF OF
1 Frans Nielsen Kellan Lain Vladimir Tarasenko 40 1 2 2
2 Pierre-Edouard Bellemare Brock McGinn Rick Nash 30 1 2 2
3 Melker Karlsson Sergei Plotnikov Craig Smith 20 1 2 2
4 Michael Latta Emerson Etem Andrew Shaw 10 1 2 2
5 vs 5 Defense
Defense Defense Time % Phy DF OF
1 Ryan Ellis Yann Sauvé 40 1 2 2
2 Wes O'Neill Nikita Zadorov 30 1 2 2
3 Justin Falk Dylan McIlrath 20 1 2 2
4 Ryan Ellis Yann Sauvé 10 1 2 2
PowerPlay Forward
Center Left Wing Right Wing Time % Phy DF OF
1 Frans Nielsen Kellan Lain Vladimir Tarasenko 60 1 2 2
2 Pierre-Edouard Bellemare Brock McGinn Rick Nash 40 1 2 2
PowerPlay Defense
Defense Defense Time % Phy DF OF
1 Ryan Ellis Yann Sauvé 60 1 2 2
2 Wes O'Neill Nikita Zadorov 40 1 2 2
Penalty Kill 4 Players Forward
Center Wing Time % Phy DF OF
1 Vladimir Tarasenko Rick Nash 60 1 2 2
2 Kellan Lain Frans Nielsen 40 1 2 2
Penalty Kill 4 Players Defense
Defense Defense Time % Phy DF OF
1 Ryan Ellis Yann Sauvé 60 1 2 2
2 Wes O'Neill Nikita Zadorov 40 1 2 2
Penalty Kill - 3 Players Forward
Forward Time % Phy DF OF
1 Vladimir Tarasenko 60 1 2 2
2 Rick Nash 40 1 2 2
Penalty Kill - 3 Players Defense
Defense Defense Time % Phy DF OF
1 Ryan Ellis Yann Sauvé 60 1 2 2
2 Wes O'Neill Nikita Zadorov 40 1 2 2
4 vs 4 Forward
Center Wing Time % Phy DF OF
1 Vladimir Tarasenko Rick Nash 60 1 2 2
2 Kellan Lain Frans Nielsen 40 1 2 2
4 vs 4 Defense
Defense Defense Time % Phy DF OF
1 Ryan Ellis Yann Sauvé 60 1 2 2
2 Wes O'Neill Nikita Zadorov 40 1 2 2
Last Minutes Offensive
Center Left Wing Right Wing Defense Defense
Frans Nielsen Kellan Lain Vladimir Tarasenko Ryan Ellis Yann Sauvé
Last Minutes Defensive
Center Left Wing Right Wing Defense Defense
Frans Nielsen Kellan Lain Vladimir Tarasenko Ryan Ellis Yann Sauvé
Goaltenders
Starting : Cam Ward
Backup : Marc-André Fleury
Extra Forwards
Normal : Melker Karlsson, Michael Latta, Sergei Plotnikov - PP : Melker Karlsson, Michael Latta - PK : Sergei Plotnikov
Extra Defensemen
Normal : Justin Falk, Dylan McIlrath, Wes O'Neill - PP : Justin Falk - PK : Dylan McIlrath, Wes O'Neill
Penalty Shots
Vladimir Tarasenko, Rick Nash, Kellan Lain, Frans Nielsen, Pierre-Edouard Bellemare
Scratches
Carl Klingberg (Healthy), Brenden Dillon (Lower Body Injury)
% Time on Ice - Jets
Lines # - Real PCT - Wanted PCT - Time Play
Normal Forward
1 - 34% - 35% - 17:22
2 - 34% - 35% - 17:05
3 - 19% - 20% - 9:29
4 - 13% - 10% - 6:47
Normal Defense
1 - 41% - 40% - 20:54
2 - 28% - 30% - 14:06
3 - 31% - 30% - 15:43
4 - 0% - 0% - 0:00
PP Forward
1 - 51% - 55% - 3:44
2 - 49% - 45% - 3:33
PP Defense
1 - 66% - 60% - 4:47
2 - 34% - 40% - 2:30
PK Forward
1 - 92% - 60% - 1:50
2 - 8% - 40% - 0:10
PK Defense
1 - 63% - 60% - 1:16
2 - 37% - 40% - 0:44
PK3 Forward
1 - 0% - 60%
2 - 0% - 40%
PK3 Defense
1 - 0% - 60%
2 - 0% - 40%
44 Forward
1 - 0% - 60%
2 - 0% - 40%
44 Defense
1 - 0% - 60%
2 - 0% - 40%
Last Minute Offensive - 0:00
Last Minute Defensive - 0:00
Total
Forward - 60:00
Defense - 60:00
|
% Time on Ice - Islanders
Lines # - Real PCT - Wanted PCT - Time Play
Normal Forward
1 - 38% - 40% - 19:21
2 - 31% - 30% - 15:51
3 - 18% - 20% - 9:04
4 - 13% - 10% - 6:27
Normal Defense
1 - 39% - 40% - 19:40
2 - 33% - 30% - 16:38
3 - 24% - 20% - 12:02
4 - 5% - 10% - 2:23
PP Forward
1 - 57% - 60% - 1:08
2 - 43% - 40% - 0:52
PP Defense
1 - 56% - 60% - 1:07
2 - 44% - 40% - 0:53
PK Forward
1 - 66% - 60% - 4:49
2 - 34% - 40% - 2:28
PK Defense
1 - 58% - 60% - 4:12
2 - 42% - 40% - 3:05
PK3 Forward
1 - 0% - 60%
2 - 0% - 40%
PK3 Defense
1 - 0% - 60%
2 - 0% - 40%
44 Forward
1 - 0% - 60%
2 - 0% - 40%
44 Defense
1 - 0% - 60%
2 - 0% - 40%
Last Minute Offensive - 0:00
Last Minute Defensive - 0:00
Total
Forward - 60:00
Defense - 60:00
|
Play-by-Play
1st period
0:01 of 1st period - Ryan Johansen wins face-off versus Frans Nielsen in neutral zone.
0:37 of 1st period - Wrist shot by Rick Nash.
0:37 of 1st period - Shot Misses the Net.
1:32 of 1st period - Wrist shot by Ryan Johansen.
1:32 of 1st period - Stopped by Cam Ward with a rebound.
1:34 of 1st period - Slapshot by Troy Stetcher.
1:34 of 1st period - Stopped by Cam Ward without a rebound.
1:35 of 1st period - Tyler Seguin wins face-off versus Pierre-Edouard Bellemare in Islanders zone.
2:12 of 1st period - Snap shot by Vladimir Tarasenko.
2:12 of 1st period - Shot Misses the Net.
2:14 of 1st period - Slapshot by Dylan McIlrath.
2:14 of 1st period - Deflect By Alex Galchenyuk.
2:14 of 1st period - Stopped by Jacob Markstrom without a rebound.
2:15 of 1st period - Alexander Wennberg wins face-off versus Melker Karlsson in Jets zone.
2:15 of 1st period - Alexander Wennberg is hit by Yann Sauvé.
3:14 of 1st period - Wrist shot by Emerson Etem.
3:14 of 1st period - Shot Blocked by Ryan Murray.
3:47 of 1st period - Off-side.
3:48 of 1st period - Frans Nielsen wins face-off versus Alexander Wennberg in neutral zone.
3:50 of 1st period - Off-side.
3:51 of 1st period - Frans Nielsen wins face-off versus Tyler Toffoli in neutral zone.
3:54 of 1st period - Snap shot by Vladimir Tarasenko.
3:54 of 1st period - Stopped by Jacob Markstrom without a rebound.
3:55 of 1st period - Tyler Seguin wins face-off versus Frans Nielsen in Jets zone.
4:33 of 1st period - Minor Penalty to Craig Smith for Hooking.
4:34 of 1st period - Ryan Johansen wins face-off versus Vladimir Tarasenko in Islanders zone.
4:34 of 1st period - Slapshot by Tyler Toffoli.
4:34 of 1st period - Stopped by Cam Ward with a rebound.
4:42 of 1st period - Wrist shot by Vladimir Tarasenko.
4:42 of 1st period - Stopped by Jacob Markstrom without a rebound.
4:43 of 1st period - Ryan Johansen wins face-off versus Vladimir Tarasenko in Jets zone.
5:10 of 1st period - Wrist shot by Tyler Toffoli.
5:10 of 1st period - Stopped by Cam Ward with a rebound.
6:33 of 1st period - Penalty to Craig Smith is over, Craig Smith is back on ice.
6:44 of 1st period - Minor Penalty to Andrew Shaw for Hooking.
6:45 of 1st period - Vladimir Tarasenko wins face-off versus Nick Bjugstad in Islanders zone.
8:30 of 1st period - Slapshot by Sergei Plotnikov.
8:30 of 1st period - Deflect By Dougie Hamilton.
8:30 of 1st period - Shot Misses the Net.
8:30 of 1st period - Puck is out of play.
8:31 of 1st period - Sergei Plotnikov wins face-off versus Ryan Johansen in Jets zone.
8:44 of 1st period - Penalty to Andrew Shaw is over, Andrew Shaw is back on ice.
9:10 of 1st period - Snap shot by Sam Reinhart.
9:10 of 1st period - Deflect By Wes O'Neill.
9:10 of 1st period - Stopped by Cam Ward with a rebound.
9:12 of 1st period - Snap shot by Noel Acciari.
9:12 of 1st period - Shot Blocked by Nikita Zadorov.
10:02 of 1st period - Wrist shot by Rick Nash.
10:02 of 1st period - Shot Misses the Net.
10:04 of 1st period - Snap shot by Rick Nash.
10:04 of 1st period - Stopped by Jacob Markstrom without a rebound.
10:05 of 1st period - Frans Nielsen wins face-off versus Tyler Seguin in Jets zone.
10:08 of 1st period - Snap shot by Frans Nielsen.
10:08 of 1st period - Shot Blocked by Max Domi.
10:11 of 1st period - Icing by Troy Stetcher.
10:12 of 1st period - Tyler Seguin wins face-off versus Frans Nielsen in Jets zone.
10:21 of 1st period - Slapshot by Brent Burns.
10:21 of 1st period - Shot Misses the Net.
10:48 of 1st period - Slapshot by Max Domi.
10:48 of 1st period - Shot Blocked by Justin Falk.
10:50 of 1st period - Slapshot by Troy Stetcher.
10:50 of 1st period - Shot Misses the Net.
11:00 of 1st period - Snap shot by Max Domi.
11:00 of 1st period - Shot Misses the Net.
11:02 of 1st period - Slapshot by Troy Stetcher.
11:02 of 1st period - Shot Misses the Net.
11:04 of 1st period - Snap shot by Tyler Toffoli.
11:04 of 1st period - Stopped by Cam Ward with a rebound.
11:41 of 1st period - Vladimir Tarasenko is hit by Tyler Toffoli and loses puck.
11:48 of 1st period - Slapshot by Max Domi.
11:48 of 1st period - Goal by Max Domi - Jets : 1 - Islanders : 0.
11:49 of 1st period - Pierre-Edouard Bellemare wins face-off versus Ryan Johansen in neutral zone.
11:54 of 1st period - Snap shot by Brock McGinn.
11:54 of 1st period - Stopped by Jacob Markstrom without a rebound.
11:55 of 1st period - Ryan Johansen wins face-off versus Pierre-Edouard Bellemare in Jets zone.
12:06 of 1st period - Wrist shot by Alex Galchenyuk.
12:06 of 1st period - Shot Misses the Net.
12:08 of 1st period - Snap shot by Nick Bjugstad.
12:08 of 1st period - Stopped by Cam Ward with a rebound.
12:10 of 1st period - Wrist shot by Nick Bjugstad.
12:10 of 1st period - Stopped by Cam Ward with a rebound.
12:32 of 1st period - Wrist shot by Ryan Ellis.
12:32 of 1st period - Deflect By Melker Karlsson.
12:32 of 1st period - Shot Blocked by Ryan Murray.
12:32 of 1st period - Puck is out of play.
12:33 of 1st period - Nick Bjugstad wins face-off versus Melker Karlsson in Jets zone.
13:00 of 1st period - Anthony Mantha is hit by Wes O'Neill and loses puck.
13:18 of 1st period - Icing by Marco Scandella.
13:19 of 1st period - Alexander Wennberg wins face-off versus Michael Latta in Jets zone.
13:51 of 1st period - Snap shot by Tyler Seguin.
13:51 of 1st period - Stopped by Cam Ward with a rebound.
13:57 of 1st period - Slapshot by Yann Sauvé.
13:57 of 1st period - Shot Misses the Net.
14:13 of 1st period - Slapshot by Anthony Mantha.
14:13 of 1st period - Shot Misses the Net.
14:15 of 1st period - Slapshot by Anthony Mantha.
14:15 of 1st period - Goal by Anthony Mantha - Jets : 2 - Islanders : 0.
14:16 of 1st period - Ryan Johansen wins face-off versus Frans Nielsen in neutral zone.
15:16 of 1st period - Snap shot by Noel Acciari.
15:16 of 1st period - Shot Blocked by Nikita Zadorov.
15:18 of 1st period - Wrist shot by Sam Reinhart.
15:18 of 1st period - Stopped by Cam Ward with a rebound.
16:17 of 1st period - Anthony Mantha is hit by Rick Nash and loses puck.
17:11 of 1st period - Ryan Ellis is hit by Noel Acciari.
17:41 of 1st period - Snap shot by Vladimir Tarasenko.
17:41 of 1st period - Deflect By Jussi Jokinen.
17:41 of 1st period - Stopped by Jacob Markstrom with a rebound.
17:47 of 1st period - Slapshot by Frans Nielsen.
17:47 of 1st period - Shot Misses the Net.
18:43 of 1st period - Snap shot by Emerson Etem.
18:43 of 1st period - Stopped by Jacob Markstrom without a rebound.
18:44 of 1st period - Noel Acciari wins face-off versus Kellan Lain in Jets zone.
18:55 of 1st period - Backhand shot by Sam Reinhart.
18:55 of 1st period - Shot Misses the Net.
18:57 of 1st period - Slapshot by Brent Burns.
18:57 of 1st period - Shot Blocked by Kellan Lain.
19:11 of 1st period - Nick Bjugstad is hit by Ryan Ellis and loses puck.
19:55 of 1st period - Wrist shot by Vladimir Tarasenko.
19:55 of 1st period - Stopped by Jacob Markstrom without a rebound.
19:56 of 1st period - Frans Nielsen wins face-off versus Ryan Johansen in Jets zone.
Goals for this period are 2 for Jets vs 0 for Islanders.
Shots for this period are 12 for Jets vs 8 for Islanders.
2nd period
0:01 of 2nd period - Frans Nielsen wins face-off versus Ryan Johansen in neutral zone.
0:14 of 2nd period - Snap shot by Nick Bjugstad.
0:14 of 2nd period - Shot Blocked by Yann Sauvé.
0:16 of 2nd period - Snap shot by Nick Bjugstad.
0:16 of 2nd period - Goal by Nick Bjugstad - Jets : 3 - Islanders : 0.
0:17 of 2nd period - Frans Nielsen wins face-off versus Ryan Johansen in neutral zone.
1:47 of 2nd period - Vladimir Tarasenko is hit by Alex Galchenyuk and loses puck.
1:56 of 2nd period - Snap shot by Vladimir Tarasenko.
1:56 of 2nd period - Stopped by Jacob Markstrom without a rebound.
1:57 of 2nd period - Tyler Seguin wins face-off versus Pierre-Edouard Bellemare in Jets zone.
3:23 of 2nd period - Snap shot by Rick Nash.
3:23 of 2nd period - Shot Misses the Net.
3:31 of 2nd period - Icing by Wes O'Neill.
3:32 of 2nd period - Ryan Johansen wins face-off versus Pierre-Edouard Bellemare in Islanders zone.
3:41 of 2nd period - Wrist shot by Nick Bjugstad.
3:41 of 2nd period - Shot Misses the Net.
3:45 of 2nd period - Backhand shot by Ryan Johansen.
3:45 of 2nd period - Deflect By Brock McGinn.
3:45 of 2nd period - Shot Misses the Net.
3:45 of 2nd period - Puck is out of play.
3:46 of 2nd period - Frans Nielsen wins face-off versus Tyler Seguin in Islanders zone.
3:51 of 2nd period - Snap shot by Tyler Seguin.
3:51 of 2nd period - Stopped by Cam Ward with a rebound.
4:13 of 2nd period - Kellan Lain is hit by Jussi Jokinen and loses puck.
4:50 of 2nd period - Slapshot by Frans Nielsen.
4:50 of 2nd period - Stopped by Jacob Markstrom with a rebound.
4:52 of 2nd period - Wrist shot by Vladimir Tarasenko.
4:52 of 2nd period - Shot Misses the Net.
4:54 of 2nd period - Snap shot by Vladimir Tarasenko.
4:54 of 2nd period - Stopped by Jacob Markstrom without a rebound.
4:55 of 2nd period - Ryan Johansen wins face-off versus Rick Nash in Jets zone.
5:13 of 2nd period - Off-side.
5:14 of 2nd period - Tyler Seguin wins face-off versus Melker Karlsson in neutral zone.
5:23 of 2nd period - Wrist shot by Tyler Toffoli.
5:23 of 2nd period - Shot Misses the Net.
5:25 of 2nd period - Wrist shot by Tyler Toffoli.
5:25 of 2nd period - Stopped by Cam Ward without a rebound.
5:26 of 2nd period - Ryan Johansen wins face-off versus Pierre-Edouard Bellemare in Islanders zone.
5:27 of 2nd period - Snap shot by Alex Galchenyuk.
5:27 of 2nd period - Stopped by Cam Ward without a rebound.
5:28 of 2nd period - Rick Nash wins face-off versus Ryan Johansen in Islanders zone.
5:41 of 2nd period - Snap shot by Brock McGinn.
5:41 of 2nd period - Stopped by Jacob Markstrom without a rebound.
5:42 of 2nd period - Frans Nielsen wins face-off versus Tyler Seguin in Jets zone.
5:45 of 2nd period - Slapshot by Frans Nielsen.
5:45 of 2nd period - Stopped by Jacob Markstrom without a rebound.
5:46 of 2nd period - Tyler Seguin wins face-off versus Frans Nielsen in Jets zone.
6:37 of 2nd period - Slapshot by Michael Latta.
6:37 of 2nd period - Shot Blocked by Tyler Seguin.
6:39 of 2nd period - Snap shot by Andrew Shaw.
6:39 of 2nd period - Shot Misses the Net.
6:41 of 2nd period - Slapshot by Justin Falk.
6:41 of 2nd period - Stopped by Jacob Markstrom with a rebound.
6:43 of 2nd period - Snap shot by Michael Latta.
6:43 of 2nd period - Stopped by Jacob Markstrom with a rebound.
6:45 of 2nd period - Slapshot by Dylan McIlrath.
6:45 of 2nd period - Stopped by Jacob Markstrom without a rebound.
6:46 of 2nd period - Frans Nielsen wins face-off versus Ryan Johansen in Jets zone.
8:11 of 2nd period - Minor Penalty to Frans Nielsen for Hooking.
8:12 of 2nd period - Vladimir Tarasenko wins face-off versus Ryan Johansen in Islanders zone.
8:38 of 2nd period - Yann Sauvé is hit by Tyler Seguin and loses puck.
9:01 of 2nd period - Tyler Seguin is hit by Ryan Ellis and loses puck.
10:11 of 2nd period - Penalty to Frans Nielsen is over, Frans Nielsen is back on ice.
10:23 of 2nd period - Slapshot by Alexander Wennberg.
10:23 of 2nd period - Shot Misses the Net.
11:03 of 2nd period - Backhand shot by Rick Nash.
11:03 of 2nd period - Goal by Rick Nash - Jets : 3 - Islanders : 1.
11:04 of 2nd period - Frans Nielsen wins face-off versus Tyler Seguin in neutral zone.
11:14 of 2nd period - Yann Sauvé is hit by Adam Larsson and loses puck.
11:31 of 2nd period - Yann Sauvé is hit by Alex Galchenyuk and loses puck.
11:56 of 2nd period - Wrist shot by Jussi Jokinen.
11:56 of 2nd period - Shot Misses the Net.
11:58 of 2nd period - Slapshot by Marco Scandella.
11:58 of 2nd period - Stopped by Cam Ward without a rebound.
11:59 of 2nd period - Vladimir Tarasenko wins face-off versus Tyler Seguin in Islanders zone.
12:26 of 2nd period - Ryan Johansen is hit by Yann Sauvé and loses puck.
12:37 of 2nd period - Wrist shot by Rick Nash.
12:37 of 2nd period - Shot Misses the Net.
12:39 of 2nd period - Snap shot by Rick Nash.
12:39 of 2nd period - Stopped by Jacob Markstrom with a rebound.
12:53 of 2nd period - Snap shot by Jussi Jokinen.
12:53 of 2nd period - Stopped by Cam Ward with a rebound.
12:57 of 2nd period - Wrist shot by Jussi Jokinen.
12:57 of 2nd period - Stopped by Cam Ward without a rebound.
12:58 of 2nd period - Frans Nielsen wins face-off versus Tyler Seguin in Islanders zone.
13:49 of 2nd period - Icing by Kellan Lain.
13:50 of 2nd period - Ryan Johansen wins face-off versus Pierre-Edouard Bellemare in Islanders zone.
13:59 of 2nd period - Wrist shot by Brock McGinn.
13:59 of 2nd period - Goal by Brock McGinn - Jets : 3 - Islanders : 2.
14:00 of 2nd period - Frans Nielsen wins face-off versus Ryan Johansen in neutral zone.
14:59 of 2nd period - Wrist shot by Michael Latta.
14:59 of 2nd period - Stopped by Jacob Markstrom with a rebound.
15:42 of 2nd period - Wrist shot by Rick Nash.
15:42 of 2nd period - Deflect By Marco Scandella.
15:42 of 2nd period - Shot Blocked by Sam Reinhart.
15:42 of 2nd period - Puck is out of play.
15:43 of 2nd period - Ryan Johansen wins face-off versus Vladimir Tarasenko in Jets zone.
15:57 of 2nd period - Icing by Dylan McIlrath.
15:58 of 2nd period - Tyler Seguin wins face-off versus Frans Nielsen in Islanders zone.
16:06 of 2nd period - Icing by Justin Falk.
16:07 of 2nd period - Tyler Toffoli wins face-off versus Frans Nielsen in Islanders zone.
16:41 of 2nd period - Slapshot by Frans Nielsen.
16:41 of 2nd period - Stopped by Jacob Markstrom without a rebound.
16:42 of 2nd period - Nick Bjugstad wins face-off versus Pierre-Edouard Bellemare in Jets zone.
17:08 of 2nd period - Brent Burns is hit by Yann Sauvé and loses puck.
17:35 of 2nd period - Slapshot by Sam Reinhart.
17:35 of 2nd period - Stopped by Cam Ward with a rebound.
17:49 of 2nd period - Dylan McIlrath is hit by Max Domi and loses puck.
18:03 of 2nd period - Brent Burns is hit by Brock McGinn.
18:13 of 2nd period - Snap shot by Alex Galchenyuk.
18:13 of 2nd period - Deflect By Brock McGinn.
18:13 of 2nd period - Shot Misses the Net.
18:13 of 2nd period - Puck is out of play.
18:14 of 2nd period - Ryan Johansen wins face-off versus Pierre-Edouard Bellemare in Islanders zone.
18:21 of 2nd period - Wrist shot by Alex Galchenyuk.
18:21 of 2nd period - Shot Blocked by Ryan Ellis.
18:42 of 2nd period - Off-side.
18:43 of 2nd period - Frans Nielsen wins face-off versus Tyler Seguin in neutral zone.
18:46 of 2nd period - Adam Larsson is hit by Frans Nielsen and loses puck.
18:55 of 2nd period - Snap shot by Tyler Seguin.
18:55 of 2nd period - Shot Misses the Net.
18:59 of 2nd period - Snap shot by Max Domi.
18:59 of 2nd period - Shot Misses the Net.
Goals for this period are 1 for Jets vs 2 for Islanders.
Shots for this period are 8 for Jets vs 13 for Islanders.
3rd period
0:01 of 3rd period - Tyler Seguin wins face-off versus Frans Nielsen in neutral zone.
0:14 of 3rd period - Wrist shot by Max Domi.
0:14 of 3rd period - Deflect By Kellan Lain.
0:14 of 3rd period - Stopped by Cam Ward with a rebound.
0:28 of 3rd period - Wrist shot by Alex Galchenyuk.
0:28 of 3rd period - Stopped by Cam Ward without a rebound.
0:29 of 3rd period - Rick Nash wins face-off versus Ryan Johansen in Islanders zone.
0:38 of 3rd period - Nikita Zadorov is hit by Nick Bjugstad.
1:11 of 3rd period - Slapshot by Ryan Ellis.
1:11 of 3rd period - Shot Blocked by Ryan Murray.
1:34 of 3rd period - Slapshot by Dougie Hamilton.
1:34 of 3rd period - Shot Misses the Net.
1:36 of 3rd period - Slapshot by Ryan Murray.
1:36 of 3rd period - Shot Misses the Net.
1:38 of 3rd period - Snap shot by Ryan Johansen.
1:38 of 3rd period - Stopped by Cam Ward with a rebound.
1:40 of 3rd period - Wrist shot by Ryan Johansen.
1:40 of 3rd period - Shot Misses the Net.
1:42 of 3rd period - Slapshot by Nick Bjugstad.
1:42 of 3rd period - Shot Misses the Net.
1:44 of 3rd period - Slapshot by Ryan Johansen.
1:44 of 3rd period - Stopped by Cam Ward with a rebound.
2:12 of 3rd period - Wrist shot by Alex Galchenyuk.
2:12 of 3rd period - Shot Misses the Net.
2:20 of 3rd period - Slapshot by Ryan Johansen.
2:20 of 3rd period - Shot Misses the Net.
2:22 of 3rd period - Slapshot by Dougie Hamilton.
2:22 of 3rd period - Deflect By Alex Galchenyuk.
2:22 of 3rd period - Shot Blocked by Rick Nash.
2:22 of 3rd period - Puck is out of play.
2:23 of 3rd period - Frans Nielsen wins face-off versus Tyler Seguin in Islanders zone.
2:43 of 3rd period - Icing by Troy Stetcher.
2:44 of 3rd period - Tyler Seguin wins face-off versus Melker Karlsson in Jets zone.
2:44 of 3rd period - Tyler Seguin is hit by Craig Smith.
2:56 of 3rd period - Slapshot by Tyler Toffoli.
2:56 of 3rd period - Shot Blocked by Justin Falk.
3:06 of 3rd period - Wrist shot by Max Domi.
3:06 of 3rd period - Stopped by Cam Ward with a rebound.
3:08 of 3rd period - Snap shot by Max Domi.
3:08 of 3rd period - Stopped by Cam Ward without a rebound.
3:09 of 3rd period - Alexander Wennberg wins face-off versus Frans Nielsen in Islanders zone.
3:36 of 3rd period - Adam Larsson is hit by Sergei Plotnikov and loses puck.
3:47 of 3rd period - Snap shot by Craig Smith.
3:47 of 3rd period - Stopped by Jacob Markstrom without a rebound.
3:48 of 3rd period - Tyler Seguin wins face-off versus Frans Nielsen in Jets zone.
4:03 of 3rd period - Off-side.
4:04 of 3rd period - Anthony Mantha wins face-off versus Melker Karlsson in neutral zone.
4:31 of 3rd period - Yann Sauvé is hit by Alex Galchenyuk.
4:41 of 3rd period - Slapshot by Melker Karlsson.
4:41 of 3rd period - Stopped by Jacob Markstrom with a rebound.
5:28 of 3rd period - Wrist shot by Rick Nash.
5:28 of 3rd period - Stopped by Jacob Markstrom with a rebound.
5:30 of 3rd period - Snap shot by Dylan McIlrath.
5:30 of 3rd period - Stopped by Jacob Markstrom without a rebound.
5:31 of 3rd period - Tyler Seguin wins face-off versus Emerson Etem in Jets zone.
5:58 of 3rd period - Nick Bjugstad is hit by Kellan Lain.
6:20 of 3rd period - Rick Nash is hit by Anthony Mantha and loses puck.
6:51 of 3rd period - Wrist shot by Melker Karlsson.
6:51 of 3rd period - Stopped by Jacob Markstrom with a rebound.
7:05 of 3rd period - Snap shot by Michael Latta.
7:05 of 3rd period - Stopped by Jacob Markstrom with a rebound.
7:54 of 3rd period - Adam Larsson is hit by Justin Falk and loses puck.
8:13 of 3rd period - Wrist shot by Frank Vatrano.
8:13 of 3rd period - Deflect By Sam Reinhart.
8:13 of 3rd period - Stopped by Cam Ward without a rebound.
8:14 of 3rd period - Noel Acciari wins face-off versus Frans Nielsen in Islanders zone.
8:19 of 3rd period - Wrist shot by Noel Acciari.
8:19 of 3rd period - Shot Blocked by Wes O'Neill.
8:21 of 3rd period - Snap shot by Noel Acciari.
8:21 of 3rd period - Stopped by Cam Ward with a rebound.
8:23 of 3rd period - Snap shot by Dougie Hamilton.
8:23 of 3rd period - Stopped by Cam Ward without a rebound.
8:24 of 3rd period - Frans Nielsen wins face-off versus Tyler Seguin in Islanders zone.
8:30 of 3rd period - Icing by Wes O'Neill.
8:31 of 3rd period - Frans Nielsen wins face-off versus Tyler Seguin in Islanders zone.
8:36 of 3rd period - Slapshot by Frans Nielsen.
8:36 of 3rd period - Stopped by Jacob Markstrom with a rebound.
9:10 of 3rd period - Slapshot by Vladimir Tarasenko.
9:10 of 3rd period - Shot Misses the Net.
9:12 of 3rd period - Wrist shot by Kellan Lain.
9:12 of 3rd period - Shot Misses the Net.
9:22 of 3rd period - Snap shot by Frans Nielsen.
9:22 of 3rd period - Stopped by Jacob Markstrom with a rebound.
9:24 of 3rd period - Slapshot by Vladimir Tarasenko.
9:24 of 3rd period - Stopped by Jacob Markstrom without a rebound.
9:25 of 3rd period - Pierre-Edouard Bellemare wins face-off versus Alex Galchenyuk in Jets zone.
10:27 of 3rd period - Snap shot by Alexander Wennberg.
10:27 of 3rd period - Stopped by Cam Ward without a rebound.
10:28 of 3rd period - Tyler Seguin wins face-off versus Pierre-Edouard Bellemare in Islanders zone.
10:43 of 3rd period - Snap shot by Brock McGinn.
10:43 of 3rd period - Stopped by Jacob Markstrom without a rebound.
10:44 of 3rd period - Frans Nielsen wins face-off versus Alexander Wennberg in Jets zone.
10:55 of 3rd period - Wrist shot by Anthony Mantha.
10:55 of 3rd period - Shot Misses the Net.
10:57 of 3rd period - Slapshot by Jussi Jokinen.
10:57 of 3rd period - Shot Misses the Net.
11:13 of 3rd period - Snap shot by Sam Reinhart.
11:13 of 3rd period - Stopped by Cam Ward without a rebound.
11:14 of 3rd period - Noel Acciari wins face-off versus Pierre-Edouard Bellemare in Islanders zone.
11:15 of 3rd period - Wrist shot by Frank Vatrano.
11:15 of 3rd period - Stopped by Cam Ward with a rebound.
11:35 of 3rd period - Minor Penalty to Brock McGinn for Interference.
11:36 of 3rd period - Vladimir Tarasenko wins face-off versus Ryan Johansen in Islanders zone.
12:00 of 3rd period - Ryan Ellis is hit by Tyler Toffoli.
12:13 of 3rd period - Icing by Troy Stetcher.
12:14 of 3rd period - Kellan Lain wins face-off versus Tyler Seguin in Jets zone.
12:43 of 3rd period - Slapshot by Troy Stetcher.
12:43 of 3rd period - Deflect By Rick Nash.
12:43 of 3rd period - Stopped by Cam Ward with a rebound.
12:49 of 3rd period - Wrist shot by Nick Bjugstad.
12:49 of 3rd period - Shot Blocked by Nikita Zadorov.
12:55 of 3rd period - Slapshot by Tyler Seguin.
12:55 of 3rd period - Goal by Tyler Seguin - Jets : 4 - Islanders : 2.
12:56 of 3rd period - Frans Nielsen wins face-off versus Anthony Mantha in neutral zone.
12:59 of 3rd period - Slapshot by Vladimir Tarasenko.
12:59 of 3rd period - Stopped by Jacob Markstrom without a rebound.
13:00 of 3rd period - Frans Nielsen wins face-off versus Alexander Wennberg in Jets zone.
13:48 of 3rd period - Minor Penalty to Alex Galchenyuk for Hooking.
13:49 of 3rd period - Frans Nielsen wins face-off versus Ryan Johansen in Jets zone.
13:59 of 3rd period - Slapshot by Vladimir Tarasenko.
13:59 of 3rd period - Shot Misses the Net.
14:15 of 3rd period - Marco Scandella is hit by Brock McGinn and loses puck.
14:24 of 3rd period - Wrist shot by Rick Nash.
14:24 of 3rd period - Stopped by Jacob Markstrom with a rebound.
15:48 of 3rd period - Penalty to Alex Galchenyuk is over, Alex Galchenyuk is back on ice.
18:14 of 3rd period - Adam Larsson is hit by Yann Sauvé and loses puck.
19:58 of 3rd period - Minor Penalty to Anthony Mantha for Hooking.
19:59 of 3rd period - Ryan Johansen wins face-off versus Pierre-Edouard Bellemare in Jets zone.
Goals for this period are 1 for Jets vs 0 for Islanders.
Shots for this period are 14 for Jets vs 12 for Islanders.